 Dungeon Crawl Stone Soup version 0.19-a0-1720-gc855d72 (webtiles) character file.

19383 kae the Carver (level 13, -9/97 (98) HPs)
             Began as a Formicid Fighter on Sept 29, 2016.
             Was a High Priest of Makhleb.
             Killed from afar by an electric eel (12 damage)
             ... with a bolt of electricity
             ... on level 3 of the Lair of Beasts.
             The game lasted 00:24:56 (17629 turns).

kae the Carver (Formicid Fighter)                  Turns: 17629, Time: 00:24:58

HP:   -9/97 (98)    AC: 11    Str: 27    XL:     13   Next: 4%
MP:   19/19         EV: 11    Int:  7    God:    Makhleb [*****.]
Gold: 1057          SH: 13    Dex: 10    Spells: 0 memorised, 12 levels left

rFire  + . .     SeeInvis +     J - +4 falchion (holy)
rCold  . . .     Gourm    .     C - +3 ring mail {rPois}
rNeg   + . .     Faith    .     c - +1 shield
rPois  +         Spirit   .     (helmet unavailable)
rElec  .         Dismiss  .     (no cloak)
rCorr  .         Reflect  .     (no gloves)
MR     +....     Harm     .     (no boots)
Stlth  ..........               (no amulet)
                                D - ring of protection from fire
                                e - ring of positive energy (curse)

@: no status effects
A: permanent stasis, dig shafts and tunnels, four strong arms, antennae 3
a: Dig, Shaft Self, Minor Destruction, Lesser Servant of Makhleb, Major
Destruction, Greater Servant of Makhleb, Renounce Religion


You were on level 3 of the Lair of Beasts.
You worshipped Makhleb.
Makhleb was extremely pleased with you.
You were not hungry.

You visited 3 branches of the dungeon, and saw 17 of its levels.
You also visited: Ossuary.

You collected 1219 gold pieces.
You spent 162 gold pieces at shops.

Inventory:

Hand Weapons
 J - a +4 falchion of holy wrath (weapon)
Armour
 c - a +1 shield (worn)
 C - a +3 ring mail of poison resistance (worn)
Jewellery
 e - a cursed ring of positive energy (left hand)
 r - a +3 ring of strength
 s - an uncursed ring of magical power
 w - an uncursed ring of poison resistance
 D - a ring of protection from fire (right hand)
 P - an uncursed amulet of magic regeneration {unknown}
Wands
 a - a wand of flame (23/48)
 n - a wand of digging (5/24)
 t - a wand of slowing (40/48)
 v - a wand of slowing (19/48)
 z - a wand of iceblast (8/15)
 I - a wand of flame (15/48)
 K - a wand of disintegration (12/24)
 L - a wand of iceblast (7/15)
 R - a wand of iceblast (4/15)
Scrolls
 b - a scroll of enchant armour
 i - 2 scrolls of enchant weapon
 j - 3 scrolls of immolation
 m - a scroll of noise
 o - 10 scrolls of remove curse
 p - a scroll of magic mapping
 u - 2 scrolls of fear
 y - 3 scrolls of amnesia
 E - a scroll of fog
 O - a scroll of identify
 S - a scroll of vulnerability {unknown}
Potions
 g - 3 potions of agility
 k - 2 potions of resistance
 l - a potion of curing
 q - 3 potions of cancellation
 x - 4 potions of brilliance
 A - 3 potions of flight
 B - 2 potions of magic
 G - a potion of cure mutation
 Q - 2 potions of might
Books
 d - a Fen Folio

   Spells                             Type                      Level
   a - Corpse Rot                     Necromancy                   2
   b - Stone Arrow                    Conjuration/Earth            3
   c - Leda's Liquefaction            Hexes/Earth                  4
   d - Summon Forest                  Summoning/Translocation      5
   e - Hydra Form                     Transmutation                6
   f - Summon Hydra                   Summoning                    7
 F - a book of Misfortune

   Spells                             Type                      Level
   a - Confusing Touch                Hexes                        1
   b - Confuse                        Hexes                        3
   c - Gell's Gravitas                Hexes/Translocation          3
   d - Petrify                        Transmutation/Earth          4
   e - Metabolic Englaciation         Hexes/Ice                    5
   f - Yara's Violent Unravelling     Hexes/Transmutation          5
 M - a book of Unlife

   Spells                             Type                      Level
   a - Recall                         Summoning/Translocation      3
   b - Animate Dead                   Necromancy                   4
   c - Control Undead                 Necromancy                   4
   d - Cigotuvi's Embrace             Necromancy                   5
   e - Death Channel                  Necromancy                   6
   f - Simulacrum                     Ice/Necromancy               6
Comestibles
 f - 11 bread rations
 h - 10 beef jerkies
 H - 10 fruits
 N - a meat ration


   Skills:
 - Level 8.1 Fighting
 - Level 14.0 Long Blades
 + Level 9.1 Armour
 * Level 1.4 Dodging
 - Level 10.0 Shields
 - Level 8.7 Invocations


You had 12 spell levels left.
You didn't know any spells.

Dungeon Overview and Level Annotations

Branches:
Dungeon (12/15)            Temple (1/1) D:4            Lair (4/6) D:8
 Spider (0/4) Lair:2          Orc (0/2) D:10
  Swamp: Lair:2-4    Shoals: Lair:2-4

Altars:
Ashenzari
Cheibriados
Dithmenos
Elyvilon
Fedhas
Gozag
Hepliaklqana
Kikubaaqudgha
Makhleb
Nemelex Xobeh
Okawaru
Qazlal
Ru
Sif Muna
Trog
Uskayaw
Vehumet
Xom
Yredelemnul
Zin
The Shining One

Shops:
D:7 }   D:10 (

Annotations:
D:12 1 runed door


Innate Abilities, Weirdness & Mutations

You are under a permanent stasis effect.
You can dig through walls and to a lower floor.
Your four strong arms can wield two-handed weapons with a shield.
You have a pair of large antennae on your head. (SInv)


Message History

The electric eel shoots out a bolt of lightning at you!
The bolt of electricity misses you. The bolt of electricity hits you!
* * * LOW HITPOINT WARNING * * *
Your unstable footing causes you to fumble your attack.
You hit the electric eel.
The electric eel is heavily wounded.
The electric eel shoots out a bolt of lightning at you!
The bolt of electricity hits you!
* * * LOW HITPOINT WARNING * * *
The bolt of electricity hits you!
* * * LOW HITPOINT WARNING * * *
Press: ? - help, Shift-Dir - straight line, f - electric eel
Aim: an electric eel (water, heavily wounded)
The zap hits the electric eel.
The electric eel completely resists.
The electric eel is heavily wounded.
The electric eel shoots out a bolt of lightning at you!
The bolt of electricity hits you!
* * * LOW HITPOINT WARNING * * *
The bolt of electricity hits you!
You die...

.........#.. .........##
.....[...#..
....≈≈≈≈≈..#####........#8.
....≈≈≈≈≈≈≈≈..#P............
....≈≈≈≈≈≈≈≈....+........##.
....≈≈≈≈≈≈≈≈≈...#..........#
....≈≈≈≈≈≈≈≈≈.## ##.###'#..#
#+...≈≈.≈≈;≈≈..# #P.####
#.##.≈.<.≈≈@.# ####..#
#............# ####P##'####
P#......##.....#.......#.#
###..#####..#......P...#
####.+.### ##..........####
##........#####...##.##.#...
#.........#...+.......#..#..
#.#.........#...##...........
##.........+..##.........+.#.


You could see an electric eel.

Vanquished Creatures
  Nergalle (Lair:1)
  An unseen horror (D:12)
  A deep elf mage (D:12)
  A torpor snail (Lair:4)
  A black mamba (Lair:4)
  4 spiny frogs
  A komodo dragon (Lair:3)
  A troll (D:12)
  Prince Ribbit (D:7)
  4 blink frogs (Lair:3)
  6 hippogriffs
  Eustachio (D:5)
  A water elemental (D:12)
  10 yaks
  2 wyverns
  2 hungry ghosts
  3 insubstantial wisps (Lair:3)
  Duvessa (D:7)
  2 porcupines
  2 water moccasins
  3 phantoms
  3 ice beasts
  3 sky beasts
  10 orc warriors
  2 black bears (D:10)
  7 ogres
  A wasp (D:11)
  10 necrophages
  9 centaurs
  5 crocodiles
  A big kobold (D:10)
  A gnoll sergeant (D:9)
  A wyvern zombie (D:10)
  10 bullfrogs
  Dowan (D:7)
  3 scorpions
  9 killer bees (D:11)
  7 wights
  6 electric eels
  2 bullfrog zombies
  9 crimson imps
  7 hounds
  2 centaur zombies
  4 jellies
  A wasp zombie (D:10)
  13 orc priests
  A centaur skeleton (D:6)
  4 bullfrog skeletons
  3 iguanas
  14 orc wizards
  13 worker ants
  A big kobold zombie (Ossuary)
  A hound skeleton (D:5)
  8 mummies (Ossuary)
  11 gnolls
  9 adders
  24 river rats
  2 oozes
  3 adder zombies
  An adder skeleton (D:5)
  4 worms
  5 dart slugs
  5 leopard geckos
  64 orcs
  3 ball pythons (D:2)
  3 giant cockroaches
  2 gnoll zombies (Ossuary)
  12 goblins
  9 hobgoblins
  5 jackals
  A quokka (D:7)
  4 bats
  5 frilled lizards
  A giant cockroach zombie (D:5)
  2 hobgoblin zombies (Ossuary)
  12 kobolds
  3 orc zombies (Ossuary)
  6 rats
417 creatures vanquished.

Vanquished Creatures (collateral kills)
  A hydra (D:12)
  3 hill giants
  A yak (D:12)
  A water moccasin (Lair:2)
  An orc wizard (D:10)
  A river rat (Lair:2)
8 creatures vanquished.

Vanquished Creatures (others)
  A river rat (Lair:3)
  2 fungi
  A plant (Lair:3)
4 creatures vanquished.

Grand Total: 429 creatures vanquished

Notes
Turn   | Place    | Note
-------+----------+-------------------------------------------
     0 | D:1      | kae the Formicid Fighter began the quest for the Orb.
     0 | D:1      | Reached XP level 1. HP: 18/18 MP: 1/1
   116 | D:1      | Reached XP level 2. HP: 21/24 MP: 2/2
   471 | D:1      | Reached skill level 3 in Long Blades
   480 | D:1      | Reached XP level 3. HP: 28/29 MP: 3/3
  1223 | D:2      | Reached XP level 4. HP: 30/37 MP: 4/4
  1431 | D:3      | HP: 1/37 [poisoned by an adder]
  1817 | D:3      | Reached skill level 4 in Long Blades
  2028 | D:3      | Reached XP level 5. HP: 42/42 MP: 5/5
  2511 | D:4      | Noticed an ogre
  2519 | D:4      | Killed an ogre
  2519 | D:4      | Reached skill level 5 in Fighting
  2519 | D:4      | Reached skill level 5 in Long Blades
  2519 | D:4      | Reached XP level 6. HP: 24/51 MP: 6/6
  2647 | D:4      | Noticed a phantom
  2697 | D:4      | Killed a phantom
  3117 | D:4      | Reached XP level 7. HP: 56/56 MP: 7/7
  3244 | D:4      | Reached skill level 6 in Long Blades
  3362 | D:4      | Found a staircase to the Ecumenical Temple.
  3368 | Temple   | Entered the Ecumenical Temple
  3492 | Temple   | Became a worshipper of Makhleb the Destroyer
  3513 | D:5      | Entered Level 5 of the Dungeon
  3735 | D:5      | Noticed Eustachio
  3794 | D:5      | Killed Eustachio
  3908 | D:5      | Reached skill level 7 in Long Blades
  4025 | D:5      | Reached XP level 8. HP: 64/64 MP: 8/8
  4055 | D:5      | Found a sacrificial altar of Ru.
  4418 | D:5      | You fall through a shaft for 3 floors!
  4471 | D:8      | Found a sand-covered staircase.
  4489 | Ossuary  | Entered an ossuary
  4512 | Ossuary  | Reached * piety under Makhleb
  4879 | D:8      | Reached skill level 8 in Long Blades
  4941 | D:7      | Noticed a hippogriff
  4962 | D:7      | HP: 2/65 [hippogriff (3)]
  4963 | D:7      | You fall through a shaft!
  5629 | D:8      | Reached XP level 9. HP: 41/72 MP: 9/9
  5714 | D:8      | Reached skill level 9 in Long Blades
  5791 | D:7      | Reached ** piety under Makhleb
  5837 | D:7      | Killed a hippogriff
  6547 | D:6      | Reached skill level 10 in Long Blades
  6570 | D:6      | Found a radiant altar of Vehumet.
  6647 | D:6      | Found a snail-covered altar of Cheibriados.
  6753 | D:6      | Found a basalt altar of Yredelemnul.
  6786 | D:6      | Reached skill level 1 in Invocations
  7338 | D:6      | Found a shattered altar of Ashenzari.
  7503 | D:7      | Noticed Prince Ribbit
  7517 | D:7      | Killed Prince Ribbit
  7517 | D:7      | Reached XP level 10. HP: 55/80 MP: 12/12
  7528 | D:7      | Noticed Duvessa
  7549 | D:7      | Killed Duvessa
  7549 | D:7      | Reached skill level 11 in Long Blades
  7669 | D:7      | Noticed Dowan
  7700 | D:7      | Killed Dowan
  7749 | D:7      | Found Miadeeli's Gadget Emporium.
  7811 | D:7      | Reached *** piety under Makhleb
  8092 | D:7      | Reached skill level 5 in Invocations
  8215 | D:8      | Found a staircase to the Lair.
  8815 | D:9      | Reached skill level 12 in Long Blades
  9747 | D:9      | Reached **** piety under Makhleb
  9813 | D:9      | Found a hide-covered altar of Uskayaw.
  9928 | D:10     | Entered Level 10 of the Dungeon
 10041 | D:10     | Found Bon Ydec's Antique Weapon Shop.
 10051 | D:10     | Bought a glowing long sword for 87 gold pieces
 10052 | D:10     | Bought a glowing falchion for 75 gold pieces
 10195 | D:10     | Reached XP level 11. HP: 77/86 MP: 16/16
 10612 | D:10     | Reached skill level 13 in Long Blades
 10640 | D:10     | Noticed a hill giant
 10652 | D:10     | Killed a hill giant
 11851 | D:10     | Found a staircase to the Orcish Mines.
 12460 | D:11     | Reached ***** piety under Makhleb
 12734 | D:11     | Reached skill level 14 in Long Blades
 13348 | D:12     | Noticed an unseen horror
 13365 | D:12     | Killed an unseen horror
 13565 | D:12     | Found a runed door.
 13567 | D:12     | Noticed a yaktaur captain
 13568 | D:12     | Noticed a deep troll earth mage
 13570 | D:12     | Noticed a deep troll earth mage
 13702 | D:12     | Noticed an eight-headed hydra
 13709 | D:12     | Killed an eight-headed hydra
 13709 | D:12     | Reached skill level 5 in Shields
 13814 | D:12     | Reached XP level 12. HP: 68/92 MP: 18/18
 13824 | D:12     | Reached skill level 5 in Armour
 15392 | Lair:1   | Entered Level 1 of the Lair of Beasts
 15408 | Lair:1   | Noticed Nergalle
 15469 | Lair:1   | Killed Nergalle
 16657 | Lair:2   | Found a hole to the Spider Nest.
 16685 | Lair:2   | You fall through a shaft for 2 floors!
 17125 | Lair:3   | Reached skill level 10 in Shields
 17161 | Lair:3   | Reached XP level 13. HP: 75/97 MP: 19/19
 17344 | Lair:3   | Reached skill level 1 in Dodging
 17629 | Lair:3   | HP: 3/97 [electric eel/bolt of electricity (11)]
 17629 | Lair:3   | Killed from afar by an electric eel

Vault maps used:
D:1:      sevenhm_arrival_forest_fort_small_3, hangedman_decor_clover_reticule,
          minmay_misc_feat_diagonals, corner_web_ring
D:2:      lemuel_upstairs_altar, amethyst_killhole
D:5:      old_standard_altar, first_bread, roderic_roman_lattice,
          hangedman_decor_diamond_cutter, minmay_misc_feat_nine_boxes,
          minivault_1, uniq_eustachio
D:6:      kennysheep_mini, lemuel_crystal_altar, kennysheep_slug_shrine,
          basic_altar
D:7:      serial_shops, shop_coins, grunt_ogre_cave, uniq_prince_ribbit1,
          uniq_duvessa
D:8:      lair_0_dummy, nicolae_ossuary_entry_false_entrances
D:9:      lemuel_coloured_pillars_altar
D:10:     erik_orc_2, serial_shops, shop
D:12:     statuecave_lemuel, serial_column_ruins, column_ruins_hut,
          column_ruins_columns_straight, column_ruins_corridor_corner,
          column_ruins_grid_2, column_ruins_open_small, column_ruins_grid_2,
          column_ruins_open_medium, kennysheep_treasure_room
Temple:   eino_temple_scatter_basement
Lair:1:   minmay_holes, st_stairs_6, lemuel_fruit_fields, grunt_megastairs_5,
          uniq_harold, uniq_nergalle
Lair:2:   nicolae_spider_entry_non_spiders, roderic_carrion_pond
Lair:3:   minmay_swamp_entry_wisps, lemuel_another_geyser, grunt_megastairs_1,
          serial_bayou_shore_b, infiniplex_staircase_pool
Lair:4:   grunt_megastairs_3, lemuel_fruit_tree, infiniplex_staircase_pool_2
Ossuary:  ossuary_tomb_3

Skill      XL: |  1  2  3  4  5  6  7  8  9 10 11 12 13 |
---------------+----------------------------------------+-----
Long Blades    | 3 4 5 7 8 10 12 14 | 14.0
Fighting       | 4 5 6 7 8 |  8.1
Invocations    | 3 6 8 |  8.7
Shields        | 5 10 | 10.0
Armour         | 4 9 |  9.1
Dodging        | 1 |  1.4

Action                   |  1- 3 |  4- 6 |  7- 9 | 10-12 | 13-15 || total
-------------------------+-------+-------+-------+-------+-------++-------
Melee: Long sword        |   126 |   194 |   517 |   293 |       ||  1130
       Falchion          |       |       |       |  1117 |    49 ||  1166
Invok: Lesser Servant of |       |       |       |     6 |       ||     6
       Major Destruction |       |       |       |     2 |       ||     2
       Minor Destruction |       |       |       |       |     1 ||     1
 Abil: Dig               |       |     3 |     8 |    26 |       ||    37
       Shaft Self        |       |       |     1 |     1 |       ||     2
Evoke: Wand              |       |       |     1 |     2 |       ||     3
  Use: Potion            |       |     2 |     1 |     1 |       ||     4
       Scroll            |       |       |    15 |    10 |       ||    25
 Stab: Sleeping          |       |       |       |     1 |       ||     1
  Eat: Chunk             |     1 |     6 |    11 |    38 |     1 ||    57
       Meat ration       |       |       |     1 |       |       ||     1
       Fruit             |       |       |       |     1 |       ||     1
       Pizza             |       |       |       |     1 |       ||     1
Armor: Scale mail        |    51 |    46 |   133 |    40 |       ||   270
       Ring mail         |       |       |       |   170 |     8 ||   178
Dodge: Dodged            |    31 |    48 |   131 |   246 |    11 ||   467
Block: Shield            |    57 |    65 |   221 |   471 |    11 ||   825
